 Dungeon Crawl Stone Soup version 0.19.0 (webtiles) character file.

39646 Cacophonie the Basher (level 13, 0/106 HPs)
             Began as a Demonspawn Berserker on Nov 10, 2016.
             Was an Elder of Trog.
             Slain by a hornet (5 damage)
             ... while paralysed
             ... on level 6 of the Lair of Beasts on Nov 11, 2016.
             The game lasted 01:38:14 (22762 turns).

Cacophonie the Basher (Demonspawn Berserker)       Turns: 22762, Time: 01:38:14

Health: 0/106      AC: 14    Str: 23    XL:     13   Next: 70%
Magic:  0/22       EV:  2    Int:  8    God:    Trog [****..]
Gold:   1133       SH:  0    Dex: 13    Spells: 0 memorised, 12 levels left

rFire  + . .     SeeInvis .     N - +6 dire flail
rCold  . . .     Gourm    +     W - +0 chain mail
rNeg   . . .     Faith    .     (shield currently unavailable)
rPois  .         Spirit   +     a - +0 hat {Spirit}
rElec  .         Reflect  .     Z - +2 cloak
rCorr  .         Harm     .     (gloves unavailable)
MR     +....                    (no boots)
Stlth  ..........               R - amulet of the gourmand
                                p - ring of magical power
                                X - ring of protection from magic

@: paralysed, lethally poisoned (0 -> -43), exhausted, slowed
A: claws 3, repulsion field 1, fire resistance 1, nightstalker 1
a: Berserk, Trog's Hand, Brothers in Arms, Burn Spellbooks, Renounce Religion


You were on level 6 of the Lair of Beasts.
You worshipped Trog.
Trog was greatly pleased with you.
You were not hungry.

You visited 3 branches of the dungeon, and saw 17 of its levels.

You collected 1133 gold pieces.


Message History

You feel as though you will be slow longer!
The hornet stings you but does no damage! * * * don't die
* * * You feel very sick!
The rime drake completely misses you! The hornet stings you! * * * don't die
* * * You feel as though you will be slow longer!
The hornet stings you! * * * don't die
* * * You are more poisoned!
You feel as though you will be slow longer!
The hornet stings you but does no damage!
The rime drake bites you! * * * don't die
* * * The ice encasing you melts away! * * * don't die
* * * You feel very sick!
The hornet stings you but does no damage!
The hornet stings you!!! rip

≈≈≈≈≈*≈≈≈*≈≈*≈≈≈**≈≈≈≈≈.#.*##.##.
≈≈≈≈≈≈≈≈≈≈≈≈≈≈≈≈≈≈≈≈≈≈...#*#..###
**≈≈**≈≈≈#≈≈*≈≈≈#≈P≈≈#≈..#*#..**#
≈*≈≈**≈≈##≈≈##≈≈##≈≈##...**)..#.#
,≈≈≈≈≈,.≈≈≈≈..≈≈≈.≈.≈≈..#*##....#
,,,,≈,,..P.≈..k≈.≈#.....####....#
,,,,,,,..........F..............#
,******........##k.....#..###....
** *,........y@.....#....#P.PP.
**#.#.#...y......%.........P
**##....P......†#†.......P
#......#.....##.#.......
##....##.....########...
#.....###.#.## *#... #....##
##### #.... ##...* ###.. *,****
###


You could see a spiny frog, a rime drake and 2 hornets.

Inventory:

Hand Weapons
 N - a +6 dire flail (weapon)
Missiles
 b - 5 silver tomahawks
 e - 53 poisoned needles
 f - 6 javelins of penetration
 j - 6 steel javelins
 k - 6 curare-tipped needles
 u - 5 tomahawks of returning
 v - 15 tomahawks (quivered)
 x - a throwing net
 K - 5 steel tomahawks
 U - 4 tomahawks of dispersal
 V - 3 silver javelins
Armour
 a - a +0 hat of spirit shield (worn)
 H - a +0 plate armour
 Q - a +1 helmet
 W - a +0 chain mail (worn)
 Z - a +2 cloak (worn)
Jewellery
 p - a ring of magical power (right claw)
 r - an uncursed ring of protection from fire
 G - an uncursed ring of stealth
 R - an amulet of the gourmand (around neck)
 X - a ring of protection from magic (left claw)
Wands
 y - a wand of teleportation (2/9)
 z - a wand of digging (15/24)
 A - a wand of confusion (35/48)
 S - a wand of lightning (7/15)
Scrolls
 h - a scroll of acquirement
 t - 4 scrolls of fog
 w - 4 scrolls of teleportation
 F - 4 scrolls of blinking
 O - 8 scrolls of remove curse
 P - 3 scrolls of fear
Potions
 g - a potion of flight
 i - 4 potions of lignification
 l - 2 potions of resistance
 m - 8 potions of agility
 n - 5 potions of curing
 q - 5 potions of magic
 s - 2 potions of might
 C - a potion of berserk rage
 D - 2 potions of haste
 I - 4 potions of heal wounds
 L - a potion of cancellation {unknown}
 M - a potion of brilliance {unknown}
Books
 E - a book of Necromancy

   Spells                             Type                      Level
   a - Pain                           Necromancy                   1
   b - Animate Skeleton               Necromancy                   1
   c - Vampiric Draining              Necromancy                   3
   d - Regeneration                   Charms/Necromancy            3
   e - Animate Dead                   Necromancy                   4
   f - Control Undead                 Necromancy                   4
   Trog disapproves of the use of such an item.
Miscellaneous
 d - a phantom mirror
Comestibles
 c - 13 bread rations
 o - 10 meat rations
 B - 27 fruits
 J - 8 beef jerkies


   Skills:
 + Level 11.3 Fighting
 - Level 14.0 Maces & Flails
 + Level 8.0 Throwing
 + Level 8.0 Armour
 + Level 8.3 Dodging


You had 12 spell levels left.
You didn't know any spells.


Innate Abilities, Weirdness & Mutations

You have claws for hands.
You are surrounded by a mild repulsion field. (EV +2)
Your flesh is heat resistant. (rF+)
You are slightly more attuned to the shadows.

Dungeon Overview and Level Annotations

Branches:
Dungeon (10/15)            Temple (1/1) D:4            Lair (6/6) D:10
 Shoals (0/4) Lair:3        Snake (0/4) Lair:2        Slime (0/5) Lair:5
    Orc (0/2) D:10

Altars:
Ashenzari
Cheibriados
Dithmenos
Elyvilon
Fedhas
Gozag
Hepliaklqana
Kikubaaqudgha
Makhleb
Nemelex Xobeh
Okawaru
Qazlal
Ru
Sif Muna
Trog
Uskayaw
Vehumet
Xom
Yredelemnul
Zin
The Shining One
Jiyva

Annotations:
D:9 exclusion: oklob plant
Lair:1 exclusion: oklob plant

Vault maps used:
D:1:      dpeg_arrival_fog
D:3:      lemuel_doored_altar, ecumenical_altar_2, uniq_iyjb
D:4:      yredelemnul_forgotten_temple_becter, ashenzari_altar_1
D:5:      serial_glass, glass_columns_b, glass_columns_a, first_bread
D:6:      basic_altar
D:7:      trog_ov_bears_minmay, grunt_ogre_cave
D:8:      good_gods_temple_1, tgw_fedhas, serial_glass, glass_columns_b,
          glass_columns_a, kennysheep_generic_room_3
D:9:      lemuel_upstairs_altar, vehumet_altar_wand_db, dancing_weapons_uskayaw,
          marbit_many_paths, lemuel_oklob_altar
D:10:     minmay_lair_entry_grove, orc_0_dummy, hangedman_decor_slide_cut
Temple:   zaba_magenta_temple
Lair:1:   minmay_lair_oklob_tunnel, lemuel_fruit_fields,
          infiniplex_staircase_pool_2, serial_bayou_shore_a
Lair:2:   minmay_snake_entry_six_corridors, nicolae_quartered_pool_medium,
          lemuel_fruit_fields, uniq_gastronok
Lair:3:   elwin_shoals_entry_stream, lab_entry_generic, minivault_19,
          minivault_23
Lair:5:   slime_altar_1, serial_bayou_lake_a, lemuel_fruit_tree
Lair:6:   gammafunk_lair_ancient_temple, lightli_volcano_entry_magma_tube,
          grunt_megastairs_1

Vanquished Creatures
  Gastronok (Lair:2)
  3 hydras
  4 death yaks
  A sea snake (Lair:6)
  An unseen horror (D:10)
  5 elephants
  7 black mambas
  A centaur skeleton (D:10)
  2 sirens (Lair:3)
  10 spiny frogs
  4 rime drakes
  8 komodo dragons
  A merfolk (Lair:3)
  2 polar bears (Lair:6)
  2 trolls
  8 blink frogs
  A hornet (Lair:6)
  5 hippogriffs
  A shadow (D:10)
  4 wyverns
  39 yaks
  2 basilisks
  22 water moccasins
  2 orc warriors
  13 porcupines
  A sky beast (D:10)
  5 black bears
  2 ogres
  3 phantoms
  4 ice beasts
  11 wolves
  4 centaurs
  16 crocodiles
  2 big kobolds (D:10)
  17 bullfrogs
  A water moccasin skeleton (D:8)
  A scorpion (D:8)
  6 killer bees
  6 wights
  3 electric eels (Lair:5)
  3 howler monkeys
  5 crimson imps
  A bullfrog zombie (D:10)
  2 jellies
  4 hounds
  6 orc priests
  5 bullfrog skeletons
  2 iguanas
  Ijyb (D:3)
  9 orc wizards
  6 worker ants
  A worker ant zombie (D:6)
  13 adders
  7 gnolls
  7 river rats (D:10)
  2 shadow imps
  2 oozes
  A worm (D:3)
  A dart slug (D:1)
  9 leopard geckos
  33 orcs
  3 ball pythons
  7 giant cockroaches
  6 hobgoblins
  15 jackals
  8 quokkas
  5 bats
  4 frilled lizards
  7 goblins
  14 kobolds
  8 rats
  A spectral orc (D:4)
  A butterfly (Lair:1)
  2 plants
432 creatures vanquished.

Vanquished Creatures (collateral kills)
  The ghost of dsb250 the Cleaver, a journeyman DsBe of Trog (Lair:1)
  A spiny frog (Lair:1)
  A merfolk (Lair:3)
  A blink frog (Lair:1)
  A wight (D:8)
  A ball python (D:8)
6 creatures vanquished.

Vanquished Creatures (others)
  A bush (D:10)
  11 fungi
  25 plants
37 creatures vanquished.

Grand Total: 475 creatures vanquished

Notes
Turn   | Place    | Note
-------+----------+-------------------------------------------
     0 | D:1      | Cacophonie the Demonspawn Berserker began the quest for the Orb.
     0 | D:1      | Reached XP level 1. HP: 18/18 MP: 1/1
   256 | D:1      | Reached skill level 3 in Maces & Flails
   377 | D:1      | Gained mutation: You are surrounded by a mild repulsion field. (EV +2) [demonic ancestry]
   377 | D:1      | Reached XP level 2. HP: 19/24 MP: 2/2
   663 | D:1      | fancy barbarian
  1034 | D:2      | Gained mutation: You have sharp fingernails. [demonic ancestry]
  1034 | D:2      | Reached XP level 3. HP: 29/29 MP: 3/3
  1057 | D:2      | Reached ** piety under Trog
  1133 | D:2      | Reached skill level 4 in Maces & Flails
  1716 | D:3      | Noticed Ijyb
  1726 | D:3      | Killed Ijyb
  1726 | D:3      | Reached XP level 4. HP: 35/35 MP: 4/4
  1765 | D:3      | Found a faded altar of an unknown god.
  1911 | D:3      | Found a shimmering altar of Xom.
  2037 | D:3      | Reached skill level 5 in Maces & Flails
  2112 | D:3      | Reached XP level 5. HP: 41/41 MP: 5/5
  2120 | D:3      | Reached *** piety under Trog
  2469 | D:4      | Noticed an ice beast
  2486 | D:4      | Killed an ice beast
  2486 | D:4      | Reached skill level 6 in Maces & Flails
  2486 | D:4      | Gained mutation: You have very sharp fingernails. [demonic ancestry]
  2486 | D:4      | Reached XP level 6. HP: 42/47 MP: 6/6
  2946 | D:4      | Found a basalt altar of Yredelemnul.
  2961 | D:4      | Found a shattered altar of Ashenzari.
  2993 | D:4      | Reached skill level 7 in Maces & Flails
  3212 | D:4      | Found a staircase to the Ecumenical Temple.
  3356 | D:4      | Reached XP level 7. HP: 44/52 MP: 7/7
  3461 | Temple   | Entered the Ecumenical Temple
  3750 | D:5      | Entered Level 5 of the Dungeon
  4152 | D:5      | Reached skill level 8 in Maces & Flails
  5138 | D:5      | Reached skill level 9 in Maces & Flails
  5138 | D:5      | Reached XP level 8. HP: 35/58 MP: 8/8
  6050 | D:6      | Found a shattered altar of Ashenzari.
  6589 | D:7      | Reached skill level 10 in Maces & Flails
  6716 | D:7      | Found a bloodstained altar of Trog.
  6991 | D:7      | You fall through a shaft!
  7023 | D:8      | Reached **** piety under Trog
  7343 | D:8      | Reached skill level 11 in Maces & Flails
  7343 | D:8      | Reached XP level 9. HP: 55/63 MP: 9/9
  7766 | D:8      | Found a glowing silver altar of Zin.
  7766 | D:8      | Found a glowing golden altar of the Shining One.
  7768 | D:8      | Found a white marble altar of Elyvilon.
  7779 | D:8      | the sanctuary
  7812 | D:8      | Reached skill level 12 in Maces & Flails
  8354 | D:8      | Found a blossoming altar of Fedhas.
  8630 | D:9      | Found a radiant altar of Vehumet.
  8678 | D:9      | Noticed an oklob plant
  9086 | D:9      | Found a sparkling altar of Nemelex Xobeh.
  9536 | D:9      | Found a hide-covered altar of Uskayaw.
  9539 | D:9      | Noticed a hand axe
  9539 | D:9      | Noticed a dagger
  9543 | D:9      | Noticed a troll
  9551 | D:9      | Killed a troll
  9551 | D:9      | Reached skill level 13 in Maces & Flails
  9551 | D:9      | Gained mutation: Your flesh is heat resistant. (rF+) [demonic ancestry]
  9551 | D:9      | Reached XP level 10. HP: 70/70 MP: 10/10
  9856 | D:10     | Entered Level 10 of the Dungeon
 10092 | D:10     | Found a staircase to the Lair.
 10474 | D:9      | Found an iron altar of Okawaru.
 10636 | D:10     | Found a staircase to the Orcish Mines.
 10743 | D:10     | Received a gift from Trog
 10940 | D:10     | Reached skill level 14 in Maces & Flails
 11044 | D:10     | Reached skill level 1 in Throwing
 11406 | D:10     | Killed an unseen horror
 11415 | D:10     | Reached skill level 5 in Fighting
 11420 | D:10     | Reached XP level 11. HP: 76/79 MP: 11/11
 11575 | D:10     | Reached ***** piety under Trog
 11840 | D:10     | Received a gift from Trog
 12181 | Lair:1   | Entered Level 1 of the Lair of Beasts
 12371 | Lair:1   | Received a gift from Trog
 12780 | Lair:1   | Noticed dsb250's ghost (journeyman DsBe)
 12809 | Lair:1   | Killed dsb250's ghost
 12811 | Lair:1   | good job brother ogre in arms
 13123 | Lair:1   | Noticed an oklob plant
 13344 | Lair:2   | Noticed Gastronok
 13703 | Lair:2   | Killed Gastronok
 13703 | Lair:2   | Reached skill level 5 in Armour
 13703 | Lair:2   | Reached skill level 5 in Dodging
 13902 | Lair:2   | Received a gift from Trog
 13902 | Lair:2   | Gained mutation: You have claws for hands. [demonic ancestry]
 13902 | Lair:2   | Reached XP level 12. HP: 87/94 MP: 12/12
 14031 | Lair:2   | OF COURSE
 14031 | Lair:2   | CLAWS IS THE ONE THAT ASSERTS ITSELF
 14031 | Lair:2   | NO MORE GLOVES FOR ME
 14273 | Lair:2   | Noticed a four-headed hydra
 14815 | Lair:2   | Found a staircase to the Snake Pit.
 14828 | Lair:2   | Received a gift from Trog
 14869 | Lair:2   | Reached skill level 5 in Throwing
 15389 | Lair:2   | Killed a four-headed hydra
 17243 | Lair:3   | Reached skill level 10 in Fighting
 17264 | Lair:3   | Received a gift from Trog
 17413 | Lair:3   | Found a staircase to the Shoals.
 17844 | Lair:4   | Identified 2 scrolls of acquirement
 17861 | Lair:4   | Got a distressingly furry buckler
 17875 | Lair:4   | Identified the +3 buckler of the Catfish {Regen+} (You acquired it on level 4 of the Lair of Beasts)
 18939 | Lair:5   | Found a staircase to the Slime Pits.
 18939 | Lair:5   | Found a viscous altar of Jiyva.
 18965 | Lair:5   | Noticed a five-headed hydra
 18978 | Lair:5   | Killed a five-headed hydra
 18978 | Lair:5   | Gained mutation: You are slightly more attuned to the shadows. [demonic ancestry]
 18978 | Lair:5   | Reached XP level 13. HP: 104/104 MP: 13/13
 20522 | Lair:6   | Entered Level 6 of the Lair of Beasts
 20524 | Lair:6   | OH FUCK
 20524 | Lair:6   | THIS WAS THE ENDING THAT KILLED MY FAVOURTIE DRGL OF HEP
 22746 | Lair:6   | Paralysed by a hornet for 2 turns
 22755 | Lair:6   | Paralysed by a hornet for 1 turns
 22762 | Lair:6   | HP: 5/106 [poisoned by a hornet]
 22762 | Lair:6   | Slain by a hornet
